 Dungeon Sprint DCSS version 0.21.1-1-g345015f (webtiles) character file.

5116 Psiloshibe the Tortoise (level 15, -9/120 HPs)
             Began as a Barachi Berserker on June 22, 2018.
             Was an Elder of Trog.
             Mangled by a death cob (16 damage)
             ... in the Dungeon (Sprint VI: "Thunderdome").
             The game lasted 00:33:40 (2335 turns).

Psiloshibe the Tortoise (Barachi Berserker)         Turns: 2335, Time: 00:33:44

Health: -9/120     AC: 25    Str: 29    XL:     15   Next: 66%
Magic:  15/16      EV: 12    Int: 14    God:    Trog [****..]
Gold:   2636       SH: 27    Dex: 13    Spells: 14/14 levels left

rFire    + . .     SeeInvis +   a - +3 Maxwell's thermic engine {flame, freeze, rF- rC-}
rCold    . . .     Gourm    .   k - +5 large shield "Fikh" {+Blink rPois Str+4 Dex-5}
rNeg     + . .     Faith    .   q - +2 chain mail {rF+}
rPois    +         Spirit   .   z - +2 helmet of Kiof Bar {Int+4 Dex+4}
rElec    .         Reflect  .   r - +2 cloak of Awe {+Blink rPois Int-4 Dex-2}
rCorr    .         Harm     .   B - +1 pair of gloves of Divine Compulsion {Str+3 Dex+6}
MR       +++..     Rnd*Rage +   A - +0 pair of boots "Ysayzuog" {rC+ Int+4 Dex-3 Slay+4} Stlth ..........NoTele +
                                p - amulet of Nittouc {+Blink rPois rN+ Regen+}
HPRegen  1.00/turn              n - ring "Esiaph" {rPois rF+ Str+4}
MPRegen  0.15/turn              o - ring "Qomn" {Int+3 SInv}

@: can't hop, regenerating, slowed, studying 2 skills, very slow
A: +LOS, swims, berserk 2, blurry vision 1, deformed body, deterioration 1,
dopey 1, frail 1, low mp 2, slowness 1, inhibited regeneration, weak 2, strong
legs 2
}: 3/15 runes: decaying, barnacled, elven
a: Hop, Berserk, Trog's Hand, Brothers in Arms, Burn Spellbooks, Renounce
Religion, Evoke Blink


You were in the Dungeon.
You worshipped Trog.
Trog was greatly pleased with you.
You were not hungry.

You visited 1 branch You collected 4820 gold pieces.
You spent 2184 gold pieces at shops.

Inventory:

Hand Weapons
 a - the +3 Maxwell's thermic engine (weapon) {flame, freeze, rF- rC-}
   (Trog gifted it to you in the Dungeon)

   It has been specially enchanted to burn those struck by it, causing extra
   injury to most foes and up to half again as much damage against particularly
   susceptible opponents.
   Big, fiery blades are also staple armaments of hydra-hunters.
   It makes you vulnerable to fire.
   It makes you vulnerable to cold.
 v - a +4 scimitar of flaming
 x - a +5 antimagic scimitar
 E - the +5 long sword of Cruel Justice {venom, rElec Dex+3}
   (Trog gifted it to you in the Dungeon)

   It poisons the flesh of those it strikes.
   It affects your dexterity (+3).
   It insulates you from electricity.
Missiles
 b - 6 tomahawks of dispersal
 c - 5 steel javelins
 t - 2 silver tomahawks
 u - 11 silver javelins
 w - a throwing net
 y - 6 poisoned javelins (quivered)
 D - 2 javelins of returning
Armour
 k - the +5 large shield "Fikh" (worn) {+Blink rPois Str+4 Dex-5}
   (You bought it in a shop in the Dungeon)

   It affects your strength (+4).
   It affects your dexterity (-5).
   It protects you from poison.
   It lets you blink.
 q - a +2 chain mail of fire resistance (worn)
 r - the +2 cloak of Awe (worn) {+Blink rPois Int-4 Dex-2}
   (You bought it in a shop in the Dungeon)

   It affects your intelligence (-4).
   It affects your dexterity (-2).
   It protects you from poison.
   It lets you blink.
 z - the +2 helmet of Kiof Bar (worn) {Int+4 Dex+4}
   (You bought it in a shop in the Dungeon)

   It affects your intelligence (+4).
   It affects your dexterity (+4).
 A - the +0 pair of boots "Ysayzuog" (worn) {rC+ Int+4 Dex-3 Slay+4}
   (You bought it in a shop in the Dungeon)

   It affects your intelligence (+4).
   It affects your dexterity (-3).
   It affects your accuracy and damage with ranged weapons and melee attacks
   (+4).
   It protects you from cold.
 B - the +1 pair of gloves of Divine Compulsion (worn) {Str+3 Dex+6}
   (You bought it in a shop in the Dungeon)

   It affects your strength (+3).
   It affects your dexterity (+6).
Jewellery
 n - the ring "Esiaph" (left hand) {rPois rF+ Str+4}
   (You bought it in a shop in the Dungeon)

   [ring of strength]

   It affects your strength (+4).
   It protects you from fire.
   It protects you from poison.
 o - the ring "Qomn" (right hand) {Int+3 SInv}
   (You bought it in a shop in the Dungeon)

   [ring of see invisible]

   It affects your intelligence (+3).
   It lets you see invisible.
 p - the amulet of Nittouc (around neck) {+Blink rPois rN+ Regen+}
   (You bought it in a shop in the Dungeon)

   [amulet of regeneration]

   It protects you from poison.
   It protects you from negative energy.
   It lets you blink.
   It increases your rate of regeneration.
Wands
 s - a wand of scattershot (7)
Scrolls
 i - 4 scrolls of blinking
 m - 3 scrolls of fog
Potions
 d - 5 potions of curing
 e - 3 potions of heal wounds
 f - 2 potions of haste
 g - 2 potions of magic
 h - a potion of berserk rage
 j - a potion of resistance
Books
 l - a manual of Slings
 F - a manual of Armour
Comestibles
 G - 4 rations


   Skills:
 + Level 17.0 Fighting
 + Level 19.0 Long Blades
 * Level 16.2 Throwing
 + Level 19.1 Armour
 + Level 7.8 Dodging
 + Level 5.2 Stealth
 + Level 16.8 Shields
 + Level 3.0 Unarmed Combat
   Level 3.6 Invocations
 + Level 7.1 Evocations


You had 14 spell levels left.
You didn't know any spells.

Dungeon Overview and Level Annotations

Branches:
Dungeon (1/1)

Altars:
Cheibriados
Dithmenos
Fedhas
Gozag
Kikubaaqudgha
Makhleb
Okawaru
Qazlal
Ru
Sif Muna
Trog
Uskayaw
Vehumet
Wu Jian
Xom
Yredelemnul
Zin
The Shining One
Beogh
Jiyva
Lugonu

Shops:
D *[%??*?*:[((!!!!


Innate Abilities, Weirdness & Mutations

Shadows flee at your approach. (+LOS)
You can swim through water.
You cover ground slowly.
You can hop long distances.
You often lose your temper in combat.
Scrolls take you a little longer to read.
Armour fits poorly on your strangely shaped body.
Your body sometimes deteriorates upon taking damage.
You are dopey. (Int -2)
You are frail. (-10% HP)
Your magical capacity is very low. (-20% MP)
You do not regenerate when monsters are visible.
You are very weak. (Str -4)


Message History

Your deep troll barely misses the profane servitor.
You block the death cob's attack. The death cob closely misses you.
The wight hits your deep troll with a long sword.
The death cob hits you but does no damage.
The death cob hits you.
* * * LOW HITPOINT WARNING * * *
The profane servitor hits you but does no damage. x2
The death cob hits you but does no damage.
You block the death cob's attack. x2; The death cob hits you!
* * * LOW HITPOINT WARNING * * *
Your deep troll bites the profane servitor!!
Your deep troll completely misses the profane servitor.
Your deep troll claws the profane servitor!!
The profane servitor is destroyed!
Trog accepts your kill.
You feel your intelligence returning.
You feel your dexterity returning.
Your Fighting skill increases to level 17!
Your Long Blades skill increases to level 19!
You block the death cob's attack. The death cob hits you!
You die...

#⌠.(.........[#
###.........###
#_.((...._#
#_...(..._#
#_.O.z..._#
#∩.T(((..∩#
##∩)....∩##
##.(zz.##
##(@⌠## #####


You could see 2 death cobs, a wight, a friendly deep troll (berserk) and a
friendly ogre (berserk).

Vanquished Creatures
  A deep elf elementalist (D)
  An eldritch tentacle (D)
  A death cob (D)
  A ghoul (D)
  An eidolon (D)
  2 catoblepae (D)
  A centaur warrior (D)
  A death yak (D)
  A sun demon (D)
  A skeletal warrior (D)
  A swamp dragon (D)
  2 orb spiders (D)
  An oklob plant (D)
  A faun (D)
  A manticore (D)
  8 shining eyes (D)
  A rime drake (D)
  An efreet (D)
  3 queen bees (D)
  A hippogriff (D)
  A dream sheep (D)
  3 wraiths (D)
  Eustachio (D)
  A vampire (D)
  A fire elemental (D)
  3 yaks (D)
  An acid dragon (D)
  A hell hound (D)
  A swamp drake (D)
  An ice beast (D)
  7 centaurs (D)
  7 killer bees (D)
  A quasit (D)
  Jessica (D)
  Terence (D)
  A shadow imp (D)
  An ufetubus (D)
  An ooze (D)
  2 worms (D)
  An orc (D)
  A bat skeleton (D)
  A giant cockroach simulacrum (D)
  6 kobolds (D)
  A quokka simulacrum (D)
77 creatures vanquished.

Vanquished Creatures (collateral kills)
  the Lernaean hydra (D)
  A profane servitor (D)
  A bone dragon (D)
  A death cob (D)
  An apis (D)
  2 eidola (D)
  2 merfolk avatars (D)
  A death yak (D)
  Nergalle (D)
  A sun demon (D)
  A swamp dragon (D)
  7 orb spiders (D)
  3 phantasmal warriors (D)
  2 shining eyes (D)
  A merfolk siren (D)
  A rime drake (D)
  A merfolk (D)
  A wind drake (D)
  3 wraiths (D)
  A fire bat (D)
  A fire elemental (D)
  2 yaks (D)
  A steam dragon (D)
  2 hell hounds (D)
  A wight (D)
  A mummy (D)
41 creatures vanquished.

Vanquished Creatures (others)
  An eldritch tentacle (D)
  A death yak (D)
  An orb spider (D)
  A rime drake (D)
4 creatures vanquished.

Grand Total: 122 creatures vanquished

Notes
Turn   | Place    | Note
-------+----------+-------------------------------------------
     0 | D        | Psiloshibe the Barachi Berserker began the quest for the Orb.
     0 | D        | Reached XP level 1. HP: 18/18 MP: 1/1
     0 | D        | Found a blossoming altar of Fedhas.
     0 | D        | Found a sacrificial altar of Ru.
     3 | D        | Found a snail-covered altar of Cheibriados.
     3 | D        | Found a deep blue altar of Sif Muna.
     3 | D        | Found a corrupted altar of Lugonu.
     4 | D        | Found a shimmering altar of Xom.
     4 | D        | Found a burning altar of Makhleb.
     5 | D        | Found Goonaame's Delicious Food.
     5 | D        | Found an ornate altar of the Wu Jian Council.
     5 | D        | Found Tyirul's Identification Station.
     5 | D        | Found a radiant altar of Vehumet.
     5 | D        | Round 1.
     6 | D        | Found Ceoxuto's Jewellery.
     6 | D        | Found Eryxamo's Advanced Armour.
     6 | D        | Found a glowing silver altar of Zin.
     6 | D        | Found an ancient bone altar of Kikubaaqudgha.
    13 | D        | Noticed Terence
    16 | D        | Bought a steaming bone ring for 45 gold pieces
    16 | D        | Bought a slimy gossamer ring for 45 gold pieces
    16 | D        | Bought a steaming brass amulet for 45 gold pieces
    16 | D        | Identified the amulet of Nittouc {+Blink rPois rN+ Regen+} (You bought it in a shop in the Dungeon)
    17 | D        | Identified the ring "Esiaph" {rPois rF+ Str+4} (You bought it in a shop in the Dungeon)
    18 | D        | Identified the ring "Qomn" {Int+3 SInv} (You bought it in a shop in the Dungeon)
    28 | D        | Killed Terence
    28 | D        | Reached skill level 5 in Fighting
    28 | D        | Reached skill level 5 in Long Blades
    28 | D        | Reached XP level 2. HP: 17/27 MP: 2/2
    30 | D        | Noticed Jessica
    46 | D        | Killed Jessica
    46 | D        | Reached ** piety under Trog
    46 | D        | Reached XP level 3. HP: 34/34 MP: 3/3
    57 | D        | Found a bloodstained altar of Trog.
    92 | D        | Found a roughly hewn altar of Beogh.
    94 | D        | Found a glowing golden altar of the Shining One.
   100 | D        | Found Kaxough's Miscellaneous Merchandise.
   103 | D        | Found Bedaoqo's Premium Goods.
   103 | D        | Found Xobo's Basic Armour.
   104 | D        | Found a hide-covered altar of Uskayaw.
   104 | D        | Found an iron altar of Okawaru.
   104 | D        | Found Jonap's Weapon Rack.
   109 | D        | Found a shadowy altar of Dithmenos.
   110 | D        | Found an opulent altar of Gozag.
   114 | D        | Found Feajaam's Bottled Wisdom.
   117 | D        | Found a basalt altar of Yredelemnul.
   117 | D        | Found Fabusim's Do-It-Yourself Clinic.
   117 | D        | Found Xuinioxt's Distillery.
   118 | D        | Found a stormy altar of Qazlal.
   118 | D        | Found a viscous altar of Jiyva.
   118 | D        | Found Howkoa's Distillery.
   126 | D        | Reached *** piety under Trog
   126 | D        | Arena points: 14 (+14) [x2]
   126 | D        | Reached XP level 4. HP: 40/40 MP: 4/4
   137 | D        | Found Ihorath's Must-Have Magic.
   140 | D        | Found Codiaz's Staff Store.
   140 | D        | Found Lizamm's Magic Scroll Shop.
   141 | D        | Found Kifemiq's Magic Scroll Shop.
   173 | D        | Round 2.
   287 | D        | Noticed Eustachio
   311 | D        | Noticed Grinder
   333 | D        | Killed Eustachio
   333 | D        | Reached **** piety under Trog
   333 | D        | Reached skill level 5 in Throwing
   333 | D        | Reached skill level 5 in Armour
   333 | D        | Reached skill level 1 in Evocations
   333 | D        | Reached XP level 5. HP: 26/49 MP: 4/6
   333 | D        | Reached XP level 6. HP: 30/56 MP: 4/7
   341 | D        | Paralysed by Grinder for 3 turns
   350 | D        | Arena points: 24 (+10) [x1]
   368 | D        | Round 3.
   446 | D        | Noticed an ice beast
   462 | D        | Killed an ice beast
   462 | D        | Received a gift from Trog
   471 | D        | Noticed a rime drake
   497 | D        | Killed a rime drake
   497 | D        | Reached XP level 7. HP: 31/64 MP: 8/8
   511 | D        | Bought 2 rations for 40 gold pieces
   530 | D        | Arena points: 39 (+15) [x1]
   543 | D        | Round 4.
   555 | D        | Reached ***** piety under Trog
   589 | D        | Received a gift from Trog
   632 | D        | Arena points: 103 (+64) [x2]
   676 | D        | Round 5.
   682 | D        | Noticed the 27-headed Lernaean hydra
   690 | D        | Killed the 27-headed Lernaean hydra
   690 | D        | Arena points: 263 (+160) [x4]
   690 | D        | Reached skill level 15 in Long Blades
   690 | D        | Reached skill level 5 in Dodging
   690 | D        | Reached skill level 5 in Evocations
   690 | D        | Reached XP level 8. HP: 76/76 MP: 8/11
   690 | D        | Reached XP level 9. HP: 82/82 MP: 8/12
   691 | D        | Got a decaying rune of Zot
   701 | D        | Bought a scorched cloak for 332 gold pieces
   706 | D        | Identified the +2 cloak of Awe {+Blink rPois Int-4 Dex-2} (You bought it in a shop in the Dungeon)
   864 | D        | Round 6.
   889 | D        | Reached skill level 10 in Armour
   901 | D        | Reached skill level 10 in Throwing
   956 | D        | Noticed a centaur warrior
   982 | D        | Killed a centaur warrior
   982 | D        | Reached XP level 10. HP: 46/89 MP: 14/14
   986 | D        | Reached XP level 11. HP: 56/95 MP: 15/15
  1018 | D        | Arena points: 533 (+270) [x5]
  1042 | D        | Bought a smoking large shield for 332 gold pieces
  1047 | D        | Identified the +5 large shield "Fikh" {+Blink rPois Str+4 Dex-5} (You bought it in a shop in the Dungeon)
  1065 | D        | Round 7.
  1084 | D        | Received a gift from Trog
  1085 | D        | Noticed a faun
  1108 | D        | Killed a faun
  1108 | D        | Received a gift from Trog
  1108 | D        | Reached skill level 1 in Shields
  1110 | D        | Noticed a manticore
  1124 | D        | Killed a manticore
  1124 | D        | Received a gift from Trog
  1133 | D        | Arena points: 827 (+294) [x6]
  1143 | D        | Round 8.
  1155 | D        | Noticed a swamp dragon
  1165 | D        | Killed a swamp dragon
  1181 | D        | Received a gift from Trog
  1247 | D        | Noticed a swamp dragon
  1254 | D        | Killed a swamp dragon
  1280 | D        | Arena points: 891 (+64) [x1]
  1293 | D        | Round 9.
  1307 | D        | Noticed a sun demon
  1310 | D        | Noticed a sun demon
  1320 | D        | Killed a sun demon
  1320 | D        | Received a gift from Trog
  1320 | D        | Reached skill level 5 in Shields
  1325 | D        | Killed a sun demon
  1332 | D        | Received a gift from Trog
  1357 | D        | Arena points: 1071 (+180) [x2]
  1371 | D        | Round 10.
  1385 | D        | Noticed a dimme
  1392 | D        | Noticed a merfolk avatar
  1432 | D        | Killed a merfolk avatar
  1433 | D        | Killed a dimme
  1433 | D        | Arena points: 1471 (+400) [x4]
  1436 | D        | Got a barnacled rune of Zot
  1505 | D        | Bought 4 potions of curing for 84 gold pieces
  1505 | D        | Bought 3 potions of heal wounds for 105 gold pieces
  1571 | D        | Round 11.
  1586 | D        | Noticed a shining eye
  1586 | D        | Noticed a shining eye
  1590 | D        | Gained mutation: You are weak. (Str -2) [a shining eye]
  1591 | D        | Gained mutation: Your magical capacity is low. (-10% MP) [a shining eye]
  1592 | D        | Gained mutation: You are very weak. (Str -4) [a shining eye]
  1594 | D        | Killed a shining eye
  1594 | D        | Reached XP level 12. HP: 106/106 MP: 15/15
  1597 | D        | Gained mutation: You are dopey. (Int -2) [a shining eye]
  1599 | D        | Gained mutation: You tend to lose your temper in combat. [a shining eye]
  1601 | D        | Gained mutation: You are frail. (-10% HP) [a shining eye]
  1602 | D        | Gained mutation: You often lose your temper in combat. [a shining eye]
  1603 | D        | Lost mutation: Your magical capacity is low. (-10% MP) [a shining eye]
  1607 | D        | Gained mutation: Scrolls take you a little longer to read. [a shining eye]
  1609 | D        | Received a gift from Trog
  1609 | D        | Reached skill level 10 in Shields
  1621 | D        | Gained mutation: You do not regenerate when monsters are visible. [a shining eye]
  1622 | D        | Gained mutation: Your magical capacity is low. (-10% MP) [a shining eye]
  1629 | D        | Gained mutation: Your body sometimes deteriorates upon taking damage. [a shining eye]
  1636 | D        | Bought 2 rations for 40 gold pieces
  1661 | D        | Gained mutation: Armour fits poorly on your strangely shaped body. [a shining eye]
  1662 | D        | Gained mutation: Your magical capacity is very low. (-20% MP) [a shining eye]
  1663 | D        | Arena points: 2076 (+605) [x5]
  1683 | D        | Round 12.
  1703 | D        | Received a gift from Trog
  1745 | D        | Received a gift from Trog
  1762 | D        | Arena points: 2868 (+792) [x6]
  1802 | D        | Bought a slimy helmet for 332 gold pieces
  1802 | D        | Bought a pair of smoking boots for 332 gold pieces
  1802 | D        | Bought a pair of faintly humming gloves for 332 gold pieces
  1807 | D        | Identified the +2 helmet of Kiof Bar {Int+4 Dex+4} (You bought it in a shop in the Dungeon)
  1810 | D        | Round 13.
  1812 | D        | Identified the +0 pair of boots "Ysayzuog" {rC+ Int+4 Dex-3 Slay+4} (You bought it in a shop in the Dungeon)
  1817 | D        | Identified the +1 pair of gloves of Divine Compulsion {Str+3 Dex+6} (You bought it in a shop in the Dungeon)
  1836 | D        | Received a gift from Trog
  1837 | D        | Found the +2 Maxwell's thermic engine {flame, freeze, rF- rC-}
  1877 | D        | Reached ****** piety under Trog
  1890 | D        | Received a gift from Trog
  1890 | D        | Reached skill level 15 in Fighting
  1921 | D        | Arena points: 3024 (+156) [x1]
  1934 | D        | Round 14.
  1934 | D        | Noticed an eidolon
  1935 | D        | Noticed Nergalle
  1942 | D        | Noticed an eidolon
  1950 | D        | Noticed an eidolon
  1950 | D        | Killed an eidolon
  1950 | D        | Received a gift from Trog
  1955 | D        | Killed Nergalle
  1955 | D        | Received a gift from Trog
  1957 | D        | Killed an eidolon
  1957 | D        | Received a gift from Trog
  1968 | D        | Reached skill level 15 in Armour
  1971 | D        | Received a gift from Trog
  1973 | D        | Killed an eidolon
  1973 | D        | Gained mutation: You can hop long distances. [Barachi growth]
  1973 | D        | Reached XP level 13. HP: 21/104 MP: 14/14
  1976 | D        | Got a pitted long sword {god gift}
  1977 | D        | Identified the +5 long sword of Cruel Justice {venom, rElec Dex+3} (Trog gifted it to you in the Dungeon)
  1983 | D        | Arena points: 3416 (+392) [x2]
  1993 | D        | Round 15.
  1994 | D        | Noticed a deep elf elementalist
  2027 | D        | Killed a deep elf elementalist
  2027 | D        | Arena points: 4076 (+660) [x4]
  2027 | D        | Reached skill level 15 in Throwing
  2028 | D        | Got an elven rune of Zot
  2041 | D        | Bought 2 rations for 40 gold pieces
  2121 | D        | Reached XP level 14. HP: 111/111 MP: 15/15
  2122 | D        | Reached XP level 15. HP: 117/117 MP: 15/15
  2162 | D        | Round 16.
  2176 | D        | Reached skill level 15 in Shields
  2192 | D        | Received a gift from Trog
  2198 | D        | Received a gift from Trog
  2204 | D        | Arena points: 5116 (+1040) [x5]
  2239 | D        | Round 17.
  2249 | D        | Noticed a death cob
  2259 | D        | Killed a death cob
  2259 | D        | Received a gift from Trog
  2272 | D        | Noticed a bone dragon
  2286 | D        | Killed a bone dragon
  2291 | D        | Noticed a death cob
  2296 | D        | Killed a death cob
  2297 | D        | Bought 2 rations for 40 gold pieces
  2297 | D        | Bought 2 rations for 40 gold pieces
  2302 | D        | Noticed a ghoul
  2306 | D        | Killed a ghoul
  2306 | D        | Reached skill level 5 in Stealth
  2307 | D        | Received a gift from Trog
  2321 | D        | Noticed a death cob
  2324 | D        | Noticed a death cob
  2329 | D        | Noticed a profane servitor
  2335 | D        | Killed a profane servitor
  2335 | D        | Mangled by a death cob

Skill      XL: |  1  2  3  4  5  6  7  8  9 10 11 12 13 14 15 |
---------------+----------------------------------------------+-----
Fighting       | 5 6 8 9 11 12 13 15 17 | 17.0
Long Blades    | 5 6 9 11 15 17 18 19 | 19.0
Throwing       | 2 3 5 7 9 10 12 14 15 16 | 16.2
Armour         | 3 5 6 9 10 13 15 16 17 19 | 19.1
Dodging        | 3 4 5 6 7 |  7.8
Evocations     | 1 2 5 6 7 |  7.1
Stealth        | 2 3 5 |  5.2
Unarmed Combat | 3 |  3.0
Invocations    | 3 |  3.6
Shields        | 9 13 14 16 | 16.8

Action                   |  1- 3 |  4- 6 |  7- 9 | 10-12 | 13-15 || total
-------------------------+-------+-------+-------+-------+-------++-------
Melee: Falchion          |    21 |    90 |    54 |   121 |       ||   286
       Scimitar          |       |       |       |    57 |       ||    57
       Double sword      |       |       |       |    43 |    42 ||    85
       Long sword        |       |       |       |       |    31 ||    31
Throw: Javelin           |       |       |       |    12 |       ||    12
       Tomahawk          |       |       |       |     9 |       ||     9
Invok: Trog's Hand       |       |     2 |     2 |     5 |     2 ||    11
       Berserk           |       |     2 |       |     5 |       ||     7
       Brothers in Arms  |       |       |     2 |    12 |     6 ||    20
 Abil: Hop               |       |       |     1 |     2 |     1 ||     4
       Evoke Blink       |       |       |       |     1 |     3 ||     4
Evoke: Wand              |     2 |     3 |     6 |       |       ||    11
  Use: Potion            |       |     1 |       |     5 |     3 ||     9
 Stab: Petrified         |       |       |       |       |     3 ||     3
  Eat: Ration            |       |       |     2 |     2 |     3 ||     7
       Chunk             |       |       |       |     5 |       ||     5
Armor: Chain mail        |     5 |   114 |    28 |    91 |    26 ||   264
       Skin              |     1 |       |       |       |       ||     1
Dodge: Dodged            |     9 |    96 |    36 |    64 |    15 ||   220
Block: Large shield      |       |       |       |   238 |    97 ||   335
       Rpst.: Falchion   |     2 |    24 |     9 |     5 |       ||    40
       Double sword      |       |       |       |     5 |     7 ||    12
       Scimitar          |       |       |       |     1 |       ||     1
